 Dungeon Crawl Stone Soup version 0.21.0-26-g889b8f6 (webtiles) character file.

51 Sharkov the Chiller (level 3, 24/24 HPs)
             Began as a Merfolk Ice Elementalist on Jan 22, 2018.
             Got out of the dungeon alive.
             The game lasted 00:04:00 (1762 turns).

Sharkov the Chiller (Merfolk Ice Elementalist)      Turns: 1762, Time: 00:04:01

Health: 24/24      AC:  3    Str:  8    XL:     3   Next: 81%
Magic:  6/6        EV: 13    Int: 15    God:
Gold:   68         SH:  0    Dex: 14    Spells: 1/7 levels left

rFire    . . .     SeeInvis .   g - +0 spear
rCold    + . .     Gourm    .   (no shield)
rNeg     . . .     Faith    .   a - +0 robe
rPois    .         Spirit   .   (no helmet)
rElec    .         Reflect  .   (no cloak)
rCorr    .         Harm     .   e - +0 pair of gloves
MR       .....                  (no boots)
Stlth    ++........             (no amulet)
HPRegen  0.08/turn              h - ring of protection from cold
MPRegen  0.10/turn              m - ring of flight

@: no status effects
A: change form in water, swift swim, stealthy swim
a: Evoke Flight


You escaped.
You were not hungry.

You visited 1 branch of the dungeon, and saw 2 of its levels.

You collected 68 gold pieces.

Inventory:

Hand Weapons
 g - a +0 spear (weapon)
Armour
 a - a +0 robe (worn)
 e - a +0 pair of gloves (worn)
Jewellery
 h - a ring of protection from cold (left hand)
 m - a ring of flight (right hand)
Scrolls
 f - a scroll of blinking
 j - 3 scrolls of remove curse {unknown}
 k - a scroll of random uselessness {unknown}
 p - a scroll of teleportation {unknown}
Potions
 d - a potion of brilliance {unknown}
 i - a potion of agility {unknown}
 l - a potion of heal wounds {unknown}
 n - a potion of degeneration {unknown}
Books
 b - a book of Frost

   Spells                             Type                      Level
   a - Freeze                         Ice                          1
   b - Throw Frost                    Conjuration/Ice              2
   c - Ozocubu's Armour               Charms/Ice                   3
   d - Throw Icicle                   Conjuration/Ice              4
   e - Summon Ice Beast               Ice/Summoning                4
 o - a book of Misfortune

   Spells                             Type                      Level
   a - Confusing Touch                Hexes                        1
   b - Confuse                        Hexes                        3
   c - Gell's Gravitas                Translocation                3
   d - Petrify                        Transmutation/Earth          4
   e - Metabolic Englaciation         Hexes/Ice                    5
   f - Yara's Violent Unravelling     Hexes/Transmutation          5
Comestibles
 c - a ration
 q - a chunk of flesh


   Skills:
 - Level 0.1 Polearms
 - Level 2.6 Dodging
 - Level 2.1 Stealth
 + Level 2.5 Spellcasting
 * Level 0.9 Conjurations
 + Level 4.5 Ice Magic


You had one spell level left.
You knew the following spells:

 Your Spells              Type           Power        Failure   Level  Hunger
a - Freeze                Ice            ###.         3%          1    #......
b - Throw Frost           Conj/Ice       ##....       10%         2    ###....
c - Ozocubu's Armour      Chrm/Ice       #.......     24%         3    ###....


Dungeon Overview and Level Annotations

Branches:
Dungeon (2/15)

Altars:
Nemelex Xobeh


Message History

HP restored.
You see here a bat skeleton.
Items here: )) †† a club x2; a hobgoblin corpse; a goblin corpse
Found a stone staircase leading down.
Saving game... please wait.
Welcome back, Sharkov the Merfolk Ice Elementalist.
Press ? for a list of commands and other information.
(D) Dungeon
Where to? (Enter - D:2 @ (x,y), ? - help)
What level of the Dungeon? (default 1, ? - help)
Items here: )) †† a club x2; a hobgoblin corpse; a goblin corpse
There is a stone staircase leading up here.
You climb upwards.
There is a stone staircase leading down here.
There is a staircase leading out of the dungeon here.
You can't go down here!
Are you sure you want to leave the Dungeon?
This will make you lose the game!
You have escaped!

#.........###..#
#.........# #..#
#..#####..# #..#
#..# #..###..#
#..# #.......#
#..# #.......#
#..# #.......#
#..# #...##..#
#..#####.@.##..#
#.(............#
#.........)....#
#..............#
################


There were no monsters in sight!

Vanquished Creatures
  2 adders (D:2)
  A dart slug (D:1)
  2 ball pythons
  7 bats
  3 hobgoblins
  2 jackals (D:1)
  A kobold (D:1)
  6 goblins
  6 rats
30 creatures vanquished.

Notes
Turn   | Place    | Note
-------+----------+-------------------------------------------
     0 | D:1      | Sharkov the Merfolk Ice Elementalist began the quest for the Orb.
     0 | D:1      | Reached XP level 1. HP: 13/13 MP: 3/3
   328 | D:1      | Reached XP level 2. HP: 19/19 MP: 1/5
   523 | D:1      | Learned a level 2 spell: Throw Frost
   577 | D:1      | Reached skill level 4 in Ice Magic
   944 | D:1      | Reached XP level 3. HP: 15/24 MP: 4/6
  1057 | D:1      | Found a sparkling altar of Nemelex Xobeh.
  1490 | D:2      | Learned a level 3 spell: Ozocubu's Armour
  1643 | D:2      | Upgraded the game from 0.21.0-25-ge575cb9 to 0.21.0-26-g889b8f6
  1762 | D:$      | Got out of the dungeon alive.

Skill      XL: |  1  2 |
---------------+-------+-----
Ice Magic      | 4 |  4.5
Polearms       | |  0.1
Dodging        | |  2.6
Stealth        | |  2.1
Spellcasting   | |  2.5
Conjurations   | |  0.9

Action                   || total
-------------------------++-------
Melee: Unarmed           ||     9
       Spear             ||    58
 Cast: Freeze            ||    19
       Throw Frost       ||     3
       Ozocubu's Armour  ||     1
  Use: Scroll            ||     3
 Stab: Sleeping          ||     1
  Eat: Chunk             ||     2
       Ration            ||     1
Armor: Robe              ||    27
Dodge: Dodged            ||    66
